 Dungeon Crawl Stone Soup version 0.18-a0-1805-g8ab820f (webtiles) character file.

36 warlockg3 the Firebug (level 3, -1/26 HPs)
             Began as a Draconian Fire Elementalist on Apr 26, 2016.
             Slain by Natasha (5 damage)
             ... on level 2 of the Dungeon.
             The game lasted 00:04:47 (1571 turns).

warlockg3 the Firebug (Draconian Fire Elementalist) Turns: 1571, Time: 00:04:48

Health: -1/26      AC:  5    Str: 13 (15) XL:     3   Next: 19%
Magic:  6/6        EV: 12    Int: 14 (16) God:
Gold:   126        SH:  0    Dex:  8 (11) Spells: 1 memorised, 5 levels left

rFire  . . .     SeeInvis .     (no weapon)
rCold  . . .     Gourm    .     (armour unavailable)
rNeg   . . .     Faith    .     (no shield)
rPois  .         Spirit   .     (helmet restricted)
rElec  .         Dismiss  .     (no cloak)
rCorr  .         Reflect  .     (no gloves)
SustAt .         Harm     .     (no boots)
MR     ++...                    (no amulet)
Stlth  +.........               h - ring of protection from magic
                                e - ring of protection from magic

@: mighty, very slightly contaminated, very resistant to hostile enchantments,
very unstealthy
A: unfitting armour, cold-blooded, AC +5
a: no special abilities


You were on level 2 of the Dungeon.
You were not hungry.

You visited 1 branch of the dungeon, and saw 2 of its levels.

You collected 126 gold pieces.

Inventory:

Jewellery
 e - a ring of protection from magic (left hand)
 h - a ring of protection from magic (right hand)
Scrolls
 i - 2 scrolls of teleportation {unknown}
 k - a scroll of random uselessness {unknown}
Potions
 j - a potion of might
Books
 a - a book of Flames

   Spells                             Type                      Level
   a - Flame Tongue                   Conjuration/Fire             1
   b - Throw Flame                    Conjuration/Fire             2
   c - Conjure Flame                  Conjuration/Fire             3
   d - Inner Flame                    Hexes/Fire                   3
   e - Sticky Flame                   Conjuration/Fire             4
   f - Fireball                       Conjuration/Fire             5
Comestibles
 b - 2 bread rations
 f - a fruit
 g - 2 beef jerkies


   Skills:
 + Level 2.1 Dodging
 + Level 1.8 Stealth
 + Level 0.6 Unarmed Combat
 + Level 2.2 Spellcasting
 + Level 1.3 Conjurations
 + Level 3.6 Fire Magic


You had 5 spell levels left.
You knew the following spells:

 Your Spells              Type           Power        Failure   Level  Hunger
a - Flame Tongue          Conj/Fire      #....        10%         1    #......


Dungeon Overview and Level Annotations

Branches:
Dungeon (2/15)

Altars:
Dithmenos
Fedhas
Trog

Annotations:
D:2 Natasha


Innate Abilities, Weirdness & Mutations

Your plain brown scales are hard (AC +5).
Your body does not fit into most forms of armour.
You are cold-blooded and may be slowed by cold attacks.


Message History

You closely miss Natasha.
Natasha is heavily wounded.
Natasha howls an incantation.
You feel troubled. Natasha claws you.
* * * LOW HITPOINT WARNING * * *
You are too injured to fight recklessly!
You are too injured to fight recklessly!
You are too injured to fight recklessly!
You are too injured to fight recklessly!
Drink which item? (? for menu, Esc to quit)
It was a potion of might.
You feel very mighty all of a sudden. Natasha closely misses you.
Drink which item? (? for menu, Esc to quit)
It was a potion of magic.
Magic courses through your body.
Natasha mumbles some strange words.
Natasha shimmers violently.
Natasha claws you.
You die...

#.# #.##.............# ###.##
#.##.##.####.##<.# †....#
#.##.##......##..##### ##...#
#.##.##.##............
###..#######..........###..######
###....#.....##.##.### ##.# #
.........###.##.##.# #.# #
.^_.##...# #.##.#..# #.# #
#...###..# #.##.@h.# #.# #
##.###...# #.##......... ..# #
##..)#...###.###...##### ### #
#............# ##.## #
.........##### .# # ....#...## .#
# .......... .# # .####...### ##
# . ##.## #####


You could see Natasha.

Vanquished Creatures
  A worm (D:2)
  A dart slug (D:1)
  A giant gecko (D:2)
  3 giant cockroaches
  4 hobgoblins
  2 jackals (D:1)
  3 kobolds (D:1)
  A quokka (D:2)
  4 bats
  A giant newt (D:1)
  4 goblins
  4 rats
29 creatures vanquished.

Notes
Turn   | Place    | Note
--------------------------------------------------------------
     0 | D:1      | warlockg3 the Draconian Fire Elementalist began the quest for the Orb.
     0 | D:1      | Reached XP level 1. HP: 14/14 MP: 3/3
   258 | D:1      | Reached XP level 2. HP: 11/20 MP: 5/5
  1018 | D:2      | HP: 1/20 [worm (9)]
  1385 | D:2      | Reached XP level 3. HP: 23/26 MP: 6/6
  1390 | D:2      | Found a shadowy altar of Dithmenos.
  1497 | D:2      | Found a blossoming altar of Fedhas.
  1521 | D:2      | Found a bloodstained altar of Trog.
  1561 | D:2      | Noticed Natasha
  1571 | D:2      | Slain by Natasha

Vault maps used:
D:1:      evilmike_arrival_hilbert_curve
D:2:      kennysheep_big_flooded_room, grunt_dithmenos_smoke,
          lemuel_doored_altar, first_bread, trog_three_pillars_becter,
          uniq_natasha, uniq_crazy_yiuf_cottage

Skill      XL: |  1  2 |
---------------+-------+-----
Dodging        | 2 |  2.1
Stealth        | |  1.8
Unarmed Combat | |  0.6
Spellcasting   | |  2.2
Conjurations   | |  1.3
Fire Magic     | |  3.6

Action                   || total
-------------------------++-------
Melee: Unarmed           ||   116
       Tailslap          ||     9
       Punch             ||     1
 Cast: Flame Tongue      ||    31
  Use: Potion            ||     4
  Eat: Fruit             ||     3
Armor: Skin              ||    42
Dodge: Dodged            ||   112
